 Dungeon Crawl Stone Soup version 0.18.1-8-gdd0e5ea (webtiles) character file.

108278 stigmas the Fighter (level 16, -13/131 HPs)
             Began as a Demonspawn Necromancer on June 11, 2016.
             Was the Champion of Makhleb.
             Mangled by Asterion
             ... wielding a +2 demon blade of venom
              (20 damage)
             ... on level 3 of the Spider Nest.
             The game lasted 02:09:44 (32498 turns).

stigmas the Fighter (Demonspawn Necromancer)       Turns: 32498, Time: 02:09:45

Health: -13/131    AC: 21    Str: 22    XL:     16   Next: 2%
Magic:  0/31       EV: 14    Int: 21    God:    Makhleb [******]
Gold:   707        SH:  0    Dex: 17    Spells: 6 memorised, 22 levels left

rFire  . . .     SeeInvis .     o - +3 battleaxe (elec)
rCold  + . .     Gourm    .     H - +4 chain mail of Eternal Night {*Contam +Inv rPois Str+5}
rNeg   + + .     Faith    .     (shield currently unavailable)
rPois  +         Spirit   +     (no helmet)
rElec  .         Dismiss  .     r - +0 cloak
rCorr  .         Reflect  +     C - +2 pair of gloves of the Iron City of Dis {rPois rN+ MR+ Str+3}
SustAt .         Harm     .     (boots unavailable)
MR     ++...                    M - +5 amulet of reflection
Stlth  ..........               a - ring "Nama" {rPois rC+ rN+ Dex+3}
                                V - +3 ring of intelligence

@: confused, very slightly contaminated, hasted, very quick, very resistant to
hostile enchantments, extremely unstealthy
A: hooves 3, slimy green scales 1, powered by death 3, magic shield
a: Minor Destruction, Lesser Servant of Makhleb, Major Destruction, Greater
Servant of Makhleb, Renounce Religion, Evoke Invisibility


You were on level 3 of the Spider Nest.
You worshipped Makhleb.
Makhleb was exalted by your worship.
You were hungry.

You visited 5 branches of the dungeon, and saw 28 of its levels.
You also visited: Ossuary and Volcano.

You collected 2191 gold pieces.
You spent 1484 gold pieces at shops.

Inventory:

Hand Weapons
 o - a +3 battleaxe of electrocution (weapon)
 q - a +2 halberd of venom
 E - a +2 hand axe of flaming
Armour
 r - a +0 cloak (worn)
 C - the +2 pair of gloves of the Iron City of Dis (worn) {rPois rN+ MR+ Str+3}
   (You acquired it on level 2 of the Spider Nest)

   It affects your strength (+3).
   It protects you from poison.
   It protects you from negative energy.
   It affects your resistance to hostile enchantments.
 G - a +3 ring mail of magic resistance
 H - the +4 chain mail of Eternal Night (worn) {*Contam +Inv rPois Str+5}
   (You found it on level 2 of the Spider Nest)

   It affects your strength (+5).
   It protects you from poison.
   It lets you turn invisible.
   It causes magical contamination when unequipped.
Jewellery
 a - the ring "Nama" (right hand) {rPois rC+ rN+ Dex+3}
   (You bought it in a shop on level 5 of the Dungeon)

   [ring of poison resistance]

   It affects your dexterity (+3).
   It protects you from cold.
   It protects you from poison.
   It protects you from negative energy.
 u - an uncursed ring of poison resistance
 y - an uncursed ring of positive energy
 M - a +5 amulet of reflection (around neck)
 V - a +3 ring of intelligence (left hand)
Wands
 k - a wand of heal wounds (0/9)
 s - a wand of iceblast (3/15)
 A - a wand of hasting (5/9)
 I - a wand of iceblast (9/15)
 N - a wand of enslavement (11/24)
Scrolls
 i - 4 scrolls of fog
 n - 2 scrolls of enchant armour
 t - 6 scrolls of recharging
 B - 8 scrolls of remove curse
 K - a scroll of magic mapping
 S - a scroll of identify
 U - a scroll of brand weapon
 X - 3 scrolls of amnesia
Potions
 d - 11 potions of curing
 e - a potion of cure mutation
 j - a potion of brilliance
 l - a potion of berserk rage
 m - a potion of ambrosia
 p - 6 potions of flight
 v - a potion of magic
 w - a potion of resistance
 z - 2 potions of cancellation
 D - 5 potions of degeneration
 P - 3 potions of lignification
Books
 b - a book of Necromancy

   Spells                             Type                      Level
   a - Pain                           Necromancy                   1
   b - Animate Skeleton               Necromancy                   1
   c - Vampiric Draining              Necromancy                   3
   d - Regeneration                   Charms/Necromancy            3
   e - Animate Dead                   Necromancy                   4
   f - Control Undead                 Necromancy                   4
Miscellaneous
 x - a crystal ball of energy
Comestibles
 c - 8 bread rations
 g - 7 beef jerkies
 h - 19 fruits
 J - 4 meat rations
 O - a slice of pizza
 R - 5 royal jellies


   Skills:
 * Level 13.3 Fighting
   Level 0.3 Short Blades
 * Level 13.2 Axes
   Level 0.3(8.7) Maces & Flails
 + Level 7.5 Armour
 + Level 10.9 Dodging
 - Level 1.7 Stealth
 - Level 0.1 Unarmed Combat
 * Level 11.0 Spellcasting
 + Level 1.0 Charms
 - Level 10.6 Necromancy
 + Level 0.3 Translocations
 - Level 8.0 Invocations
 * Level 3.3 Evocations


You had 22 spell levels left.
You knew the following spells:

 Your Spells              Type           Power        Failure   Level  Hunger
a - Pain                  Necr           ####         1%          1    None
b - Regeneration          Chrm/Necr      #####.....   12%         3    None
c - Vampiric Draining     Necr           ######....   1%          3    None
d - Sublimation of Blood  Necr           ######....   1%          2    None
e - Blink                 Tloc           N/A          58%         2    None
f - Animate Dead          Necr           N/A          8%          4    #......


Dungeon Overview and Level Annotations

Branches:
Dungeon (14/15)            Temple (1/1) D:5            Lair (8/8) D:8
  Swamp (0/4) Lair:4       Spider (3/4) Lair:6        Slime (0/6) Lair:8
    Orc (2/2) D:10            Elf (0/3) Orc:2        Vaults (0/5) D:14

Altars:
Ashenzari
Cheibriados
Dithmenos
Elyvilon
Fedhas
Gozag
Kikubaaqudgha
Makhleb
Nemelex Xobeh
Okawaru
Pakellas
Qazlal
Ru
Sif Muna
Trog
Vehumet
Xom
Yredelemnul
Zin
The Shining One
Beogh

Shops:
D:4 *   D:5 (=!*   D:6 [   D:12 *   Orc:2 ([}*

Annotations:
D:7 thebruceleroy's ghost, novice DDBe
Spider:3 Asterion


Innate Abilities, Weirdness & Mutations

You have hooves in place of feet.
You are partially covered in slimy green scales (AC +2).
You regenerate a lot of health from kills.
When hurt, damage is shared between your health and your magic reserves.


Message History

The tarantella bites your ynoxinul! The redback bites your ynoxinul!
Your ynoxinul gestures at the spectral weapon.
The iron shot hits the spectral weapon.
Asterion shares his spectral weapon's damage!
The tarantella bites your ynoxinul!
Your ynoxinul dies!
Asterion barely misses you. You block Asterion's attack.
Your neqoxec gestures.
Casting: Vampiric Draining
Confirm with . or Enter, or press ? or * to list all spells.
You don't have enough magic to cast that spell.
Drink which item? (? for menu, Esc to quit)
You feel yourself speed up. Asterion completely misses you.
Asterion gores you but does no damage. The tarantella bites you.
* * * LOW HITPOINT WARNING * * *
You are confused.
Your neqoxec closely misses the spectral weapon.
You bump into the rock wall.
Asterion hits you with a demon blade of venom!!
You die...

...##........###..##
.............##...#
..##.........##...##
.###.........^#%...#
.##...#......##...##
......#......#.3ss#
......##..^.####(s#
........[..^# #sH##
.......##..## ##@#
.....###.#.# #.##
..(### ##.#######.#
##.#####^.........#
#.#.....###......#
##.......###......#
.........##.......#
.........##.......#
.........##.......#


You could see Asterion, 3 tarantellas, a redback, a spectral demon blade of
venom and a friendly neqoxec.

Vanquished Creatures
  An emperor scorpion (Spider:2)
  A stone giant (Orc:1)
  The ghost of sleepydude the Basher, a journeyman MiBe of Trog (D:12)
  A fire dragon (Lair:8)
  An entropy weaver (Spider:2)
  8 hydras
  2 catoblepae
  Erica (D:9)
  Urug (Volcano)
  Sonja (D:10)
  Nergalle (D:10)
  A wizard (D:14)
  An unseen horror (D:12)
  A necromancer (D:14)
  6 orc knights
  11 orb spiders
  2 hill giants
  3 orc sorcerers (Orc:1)
  18 wolf spiders
  A hornet (Spider:3)
  3 griffons
  2 manticores (D:11)
  9 elephants
  Maurice (D:8)
  2 moths of wrath (Spider:2)
  Joseph (D:10)
  6 black mambas
  14 spiny frogs
  A gargoyle (D:13)
  11 rime drakes
  A torpor snail (Spider:3)
  8 komodo dragons
  2 kobold demonologists (D:11)
  4 demonic crawlers
  4 polar bears
  6 trolls
  18 jumping spiders
  A two-headed ogre (Orc:2)
  16 blink frogs
  A centaur simulacrum (D:14)
  A shadow (D:13)
  A vampire (D:14)
  4 wraiths
  A spriggan (D:9)
  53 redbacks
  The ghost of thebruceleroy the Cudgeler, an amateur DDBe of Trog (Ossuary)
  3 wyverns
  61 yaks
  3 fire bats
  17 tarantellas
  9 basilisks
  13 hippogriffs
  A steam dragon (Lair:8)
  2 hungry ghosts
  8 wargs
  Edmund (D:6)
  3 mottled dragons
  Duvessa (D:6)
  7 swamp worms (Lair:6)
  16 water moccasins
  15 porcupines
  3 swamp drakes (Lair:8)
  3 ice beasts
  46 orc warriors
  3 sky beasts
  4 phantoms
  2 necrophages
  A black bear (D:11)
  8 wolves
  10 ogres
  12 centaurs
  18 crocodiles
  6 big kobolds
  An elf zombie (Ossuary)
  22 giant frogs
  A wyvern skeleton (D:12)
  Dowan (D:6)
  2 scorpions
  A troll zombie (D:7)
  8 wights
  7 killer bees
  7 electric eels
  A giant frog zombie (D:12)
  A lava snake (Volcano)
  7 crimson imps
  2 centaur zombies
  3 quasits
  12 hounds
  3 human zombies (D:7)
  18 jellies
  17 iguanas
  18 orc priests
  15 orc wizards
  3 centaur skeletons
  A giant frog skeleton (D:10)
  3 human skeletons (D:7)
  10 worker ants
  Ijyb (D:1)
  23 sheep
  A big kobold zombie (Ossuary)
  2 hound zombies
  2 hound skeletons
  3 mummies (Ossuary)
  2 worker ant zombies (D:6)
  3 gnolls (D:6)
  2 howler monkey skeletons
  62 river rats
  10 adders
  2 shadow imps
  2 oozes (D:1)
  2 adder skeletons
  15 worms
  3 dart slugs
  5 giant geckos
  86 orcs
  A ball python (D:6)
  6 bats
  7 giant cockroaches
  7 goblins
  7 hobgoblins
  5 jackals
  7 quokkas
  9 giant newts
  2 goblin zombies (Ossuary)
  2 hobgoblin zombies (Ossuary)
  22 kobolds
  4 kobold zombies (Ossuary)
  An orc skeleton (D:7)
  3 quokka skeletons
  A quokka zombie (D:7)
  4 rats
  9 fungi
  19 plants
1017 creatures vanquished.

Vanquished Creatures (collateral kills)
  An orb spider (Spider:1)
1 creature vanquished.

Vanquished Creatures (others)
  A basilisk (Lair:8)
  A river rat (Lair:8)
  16 fungi
  27 plants
45 creatures vanquished.

Grand Total: 1063 creatures vanquished

Notes
Turn   | Place    | Note
--------------------------------------------------------------
     0 | D:1      | stigmas the Demonspawn Necromancer began the quest for the Orb.
     0 | D:1      | Reached XP level 1. HP: 13/13 MP: 3/3
   521 | D:1      | Gained mutation: You are partially covered in slimy green scales (AC +2). [demonic ancestry]
   521 | D:1      | Reached XP level 2. HP: 5/20 MP: 3/5
   931 | D:1      | Reached skill level 5 in Necromancy
  1060 | D:1      | Reached XP level 3. HP: 18/25 MP: 2/6
  1163 | D:1      | Learned a level 3 spell: Regeneration
  1427 | D:2      | Noticed Ijyb
  1470 | D:1      | Killed Ijyb
  1470 | D:1      | Reached skill level 1 in Fighting
  1776 | D:2      | Found a stormy altar of Qazlal.
  1885 | D:2      | Found an oddly glowing altar of Pakellas.
  1899 | D:2      | Reached XP level 4. HP: 32/32 MP: 7/7
  1910 | D:2      | Learned a level 3 spell: Vampiric Draining
  2129 | D:2      | Found a bloodstained altar of Trog.
  2673 | D:3      | Found an oddly glowing altar of Pakellas.
  3246 | D:3      | Gained mutation: You regenerate a little health from kills. [demonic ancestry]
  3246 | D:3      | Reached XP level 5. HP: 32/38 MP: 2/9
  3950 | D:4      | Noticed an ogre
  3975 | D:4      | Killed an ogre
  3975 | D:4      | Reached XP level 6. HP: 18/44 MP: 1/11
  4200 | D:4      | Found a sacrificial altar of Ru.
  4266 | D:4      | Found Gubolist's Elemental Accessories.
  4463 | D:5      | Entered Level 5 of the Dungeon
  4517 | D:5      | Found Lali's General Store.
  4623 | D:5      | Reached skill level 1 in Axes
  4623 | D:5      | Gained mutation: When hurt, damage is shared between your health and your magic reserves. [demonic ancestry]
  4623 | D:5      | Reached XP level 7. HP: 47/51 MP: 5/12
  4681 | D:5      | Found a staircase to the Ecumenical Temple.
  4690 | Temple   | Entered the Ecumenical Temple
  4797 | D:5      | Found Faxevupn's Weapon Emporium.
  4829 | D:5      | Found Evuheaje's Distillery.
  4997 | D:5      | Found Lemuiceg's Jewellery Shop.
  5076 | D:5      | Found an iron altar of Okawaru.
  5286 | D:5      | Found a white marble altar of Elyvilon.
  5297 | D:5      | Found a glowing golden altar of the Shining One.
  5324 | D:6      | Noticed Edmund
  5376 | D:6      | Noticed Dowan
  5390 | D:6      | Killed Dowan
  5516 | D:6      | Found Mosuimon's Antique Armour Emporium.
  5520 | D:6      | Bought a shiny ring mail for 88 gold pieces
  5520 | D:6      | Bought a pair of gloves for 99 gold pieces
  5673 | D:6      | Noticed Duvessa
  5675 | D:6      | Gained mutation: You regenerate health from kills. [demonic ancestry]
  5675 | D:6      | Reached XP level 8. HP: 58/58 MP: 14/14
  5693 | D:6      | Killed Duvessa
  6005 | D:6      | Killed Edmund
  6104 | D:6      | Found a sparkling altar of Nemelex Xobeh.
  6349 | D:7      | Noticed thebruceleroy's ghost (novice DDBe)
  6742 | D:7      | Reached skill level 1 in Armour
  6852 | D:7      | Found a basalt altar of Yredelemnul.
  6893 | D:7      | Reached skill level 5 in Spellcasting
  6927 | D:7      | Reached skill level 5 in Fighting
  6952 | D:7      | Reached XP level 9. HP: 25/68 MP: 2/16
  7236 | D:7      | Reached skill level 5 in Dodging
  7616 | D:7      | Found a shadowy altar of Dithmenos.
  7996 | D:8      | Reached skill level 5 in Axes
  8097 | D:8      | Reached XP level 10. HP: 59/76 MP: 14/19
  8367 | D:8      | Found a snail-covered altar of Cheibriados.
  8434 | D:8      | Noticed Maurice
  8495 | D:8      | Found a sand-covered staircase.
  8500 | Ossuary  | Entered an ossuary
  8500 | Ossuary  | Noticed thebruceleroy's ghost (amateur DDBe)
  8528 | Ossuary  | Killed thebruceleroy's ghost
  9253 | D:8      | Found a staircase to the Lair.
  9655 | D:8      | Killed Maurice
  9908 | D:9      | Noticed Erica
  9929 | D:9      | Killed Erica
 10116 | D:9      | Found a glowing silver altar of Zin.
 10174 | D:9      | Gained mutation: Armour fits poorly on your strangely shaped body. [potion of mutation]
 10174 | D:9      | Gained mutation: You tend to lose your temper in combat. [potion of mutation]
 10174 | D:9      | Gained mutation: You are agile. (Dex +2) [potion of mutation]
 10175 | D:9      | Lost mutation: Armour fits poorly on your strangely shaped body. [potion of cure mutation]
 10175 | D:9      | Lost mutation: You are agile. (Dex +2) [potion of cure mutation]
 10175 | D:9      | Lost mutation: You tend to lose your temper in combat. [potion of cure mutation]
 10433 | D:9      | Gained mutation: You have large cloven feet. [demonic ancestry]
 10433 | D:9      | Reached XP level 11. HP: 62/84 MP: 6/21
 10480 | D:9      | Found an opulent altar of Gozag.
 10851 | D:10     | Entered Level 10 of the Dungeon
 11112 | D:10     | Noticed Joseph
 11137 | D:10     | Killed Joseph
 11449 | D:10     | Noticed Nergalle
 11800 | D:10     | Noticed a spectral orc warlord
 11875 | D:10     | Killed Nergalle
 12138 | D:10     | Found a staircase to the Orcish Mines.
 12254 | D:10     | Found a sacrificial altar of Ru.
 12368 | D:10     | Noticed a hill giant
 12374 | D:10     | Noticed Sonja
 12384 | D:10     | Killed Sonja
 12403 | D:10     | Killed a hill giant
 13020 | D:4      | Found a burning altar of Makhleb.
 13030 | D:4      | Became a worshipper of Makhleb the Destroyer
 13134 | Lair:1   | Entered Level 1 of the Lair of Beasts
 13308 | Lair:1   | Found a dark tunnel.
 13317 | Volcano  | Entered a volcano
 13528 | Volcano  | Found a bloodstained altar of Trog.
 13528 | Volcano  | Noticed Urug
 13565 | Volcano  | Killed Urug
 13565 | Volcano  | Reached * piety under Makhleb
 13676 | Volcano  | HP: 2/87 [molten gargoyle/morningstar of protection (4)]
 14527 | Lair:1   | Gained mutation: You regenerate a lot of health from kills. [demonic ancestry]
 14527 | Lair:1   | Reached XP level 12. HP: 94/94 MP: 21/23
 14578 | Lair:1   | Reached ** piety under Makhleb
 14918 | Lair:1   | Reached skill level 10 in Necromancy
 15236 | Lair:1   | Noticed a six-headed hydra
 15494 | Lair:2   | Noticed a six-headed hydra
 15847 | Lair:3   | Reached skill level 5 in Armour
 16569 | Lair:4   | Reached *** piety under Makhleb
 16710 | Lair:4   | Learned a level 2 spell: Sublimation of Blood
 17157 | Lair:4   | Found a staircase to the Swamp.
 17542 | Lair:5   | Got a faintly glowing flail
 17543 | Lair:5   | Identified the cursed +0 flail of Checks and Balances {crush, rF- Dex+6} (You found it on level 5 of the Lair of Beasts)
 17722 | Lair:5   | Reached **** piety under Makhleb
 17905 | Lair:5   | Noticed a seven-headed hydra
 17927 | Lair:5   | Killed a seven-headed hydra
 18067 | Lair:5   | Gained mutation: You have hoof-like feet. [demonic ancestry]
 18067 | Lair:5   | Reached XP level 13. HP: 92/103 MP: 17/25
 18581 | Lair:6   | Found a hole to the Spider Nest.
 18594 | Lair:6   | Reached skill level 10 in Axes
 18703 | Lair:6   | Reached skill level 1 in Invocations
 18712 | Lair:6   | Reached skill level 10 in Fighting
 18909 | Lair:6   | Learned a level 2 spell: Blink
 19172 | Lair:6   | Reached ***** piety under Makhleb
 20393 | Lair:8   | Entered Level 8 of the Lair of Beasts
 20617 | Lair:8   | Reached ****** piety under Makhleb
 20847 | Lair:8   | Gained mutation: You have hooves in place of feet. [demonic ancestry]
 20847 | Lair:8   | Reached XP level 14. HP: 113/113 MP: 15/27
 20861 | Lair:8   | Reached skill level 5 in Invocations
 21021 | Lair:8   | Found a staircase to the Slime Pits.
 22747 | Lair:2   | Reached skill level 10 in Dodging
 23615 | Orc:1    | Entered Level 1 of the Orcish Mines
 23728 | Orc:1    | Noticed a stone giant
 23748 | Orc:1    | Killed a stone giant
 24246 | Orc:2    | Entered Level 2 of the Orcish Mines
 24325 | Orc:2    | Found a staircase to the Elven Halls.
 24523 | Orc:2    | Reached skill level 10 in Spellcasting
 24972 | Orc:2    | Found Guutueti's Armour Shoppe.
 24972 | Orc:2    | Found Zousyffi's Weapon Shop.
 25210 | Orc:2    | Found Raitegg's Gadget Shop.
 25210 | Orc:2    | Found Opnohof's Assorted Antiques.
 25225 | Orc:2    | Bought a pair of glowing gloves for 126 gold pieces
 25236 | Orc:2    | Bought a crystal spear for 224 gold pieces
 25236 | Orc:2    | Bought a jewelled flail for 238 gold pieces
 25236 | Orc:2    | Identified the +1 spear "Qual" {speed, Dex+2} (You bought it in a shop on level 2 of the Orcish Mines)
 25237 | Orc:2    | Identified the cursed +1 flail of the Spheres {drain, +Inv rPois Int+3} (You bought it in a shop on level 2 of the Orcish Mines)
 25254 | Orc:2    | Found a roughly hewn altar of Beogh.
 26918 | D:12     | Noticed sleepydude's ghost (journeyman MiBe)
 26941 | D:12     | Killed sleepydude's ghost
 26988 | D:12     | Reached XP level 15. HP: 122/122 MP: 22/29
 27051 | D:12     | Found a shimmering altar of Xom.
 27052 | D:12     | Found a shimmering altar of Xom.
 27053 | D:12     | Found a shimmering altar of Xom.
 27056 | D:12     | Found a shimmering altar of Xom.
 27056 | D:12     | Found a shimmering altar of Xom.
 27056 | D:12     | Found a shimmering altar of Xom.
 27063 | D:12     | Found a shimmering altar of Xom.
 27063 | D:12     | Found a shimmering altar of Xom.
 27081 | D:12     | Found a shimmering altar of Xom.
 27201 | D:12     | Found Goequzur's General Store.
 28340 | D:14     | Found a gate to the Vaults.
 28626 | D:5      | Bought the ring "Nama" {rPois rC+ rN+ Dex+3} for 489 gold pieces
 28628 | D:5      | Bought an uncursed ring of poison resistance for 220 gold pieces
 29094 | Spider:1 | Entered Level 1 of the Spider Nest
 29538 | Spider:1 | Reached skill level 1 in Evocations
 30272 | Spider:2 | Learned a level 4 spell: Animate Dead
 30956 | Spider:2 | Identified a scroll of acquirement
 30959 | Spider:2 | Got a pair of fine gloves
 30960 | Spider:2 | Identified the +2 pair of gloves of the Iron City of Dis {rPois rN+ MR+ Str+3} (You acquired it on level 2 of the Spider Nest)
 31075 | Spider:2 | Got a pitted chain mail
 31076 | Spider:2 | Identified the +4 chain mail of Eternal Night {*Contam +Inv rPois Str+5} (You found it on level 2 of the Spider Nest)
 31843 | Spider:3 | Reached skill level 1 in Charms
 32260 | Spider:3 | Reached XP level 16. HP: 131/131 MP: 26/31
 32466 | Spider:3 | Noticed Asterion
 32498 | Spider:3 | Mangled by Asterion

Skill      XL: |  1  2  3  4  5  6  7  8  9 10 11 12 13 14 15 |
---------------+----------------------------------------------+-----
Necromancy     | 5 6 7 8 9 10 | 10.6
Fighting       | 1 2 3 5 6 7 8 9 11 12 13 | 13.3
Dodging        | 2 3 4 6 7 8 9 10 | 10.9
Spellcasting   | 3 4 5 6 7 8 9 10 11 | 11.0
Axes           | 1 2 4 5 7 8 9 11 12 13 | 13.2
Armour         | 1 3 4 5 6 7 |  7.5
Invocations    | 4 7 8 |  8.0
Evocations     | 3 |  3.3
Charms         | 1 |  1.0
Short Blades   | |  0.3
Maces & Flails | |  0.3
Stealth        | |  1.7
Unarmed Combat | |  0.1
Translocations | |  0.3

Action                   |  1- 3 |  4- 6 |  7- 9 | 10-12 | 13-15 | 16-18 || total
-------------------------+-------+-------+-------+-------+-------+-------++-------
Melee: Dagger            |    42 |   222 |       |       |       |       ||   264
       Unarmed           |     2 |       |       |       |       |       ||     2
       Hand axe          |       |    40 |   819 |  1060 |     7 |       ||  1926
       War axe           |       |       |     7 |       |       |       ||     7
       Battleaxe         |       |       |       |   487 |  1699 |    31 ||  2217
       Flail             |       |       |       |     6 |    64 |       ||    70
       Kick              |       |       |       |       |   362 |     9 ||   371
 Cast: Pain              |    49 |    17 |     3 |    38 |    53 |       ||   160
       Vampiric Draining |       |    20 |     5 |    33 |    35 |     4 ||    97
       Regeneration      |       |       |     6 |     8 |     8 |       ||    22
       Sublimation of Bl |       |       |       |     1 |       |       ||     1
       Blink             |       |       |       |       |     2 |       ||     2
Invok: Minor Destruction |       |       |       |       |     1 |       ||     1
       Lesser Servant of |       |       |       |       |     1 |     2 ||     3
Evoke: Wand              |       |       |       |    10 |     7 |     1 ||    18
  Use: Scroll            |     3 |     4 |    15 |    17 |    22 |     1 ||    62
       Potion            |       |       |     1 |    11 |    11 |     2 ||    25
 Stab: Sleeping          |       |     9 |     1 |     2 |       |       ||    12
       Invisible         |       |       |       |     8 |       |       ||     8
       Petrified         |       |       |       |       |     2 |       ||     2
  Eat: Chunk             |     2 |    11 |     6 |    17 |    28 |       ||    64
       Meat ration       |       |     1 |       |       |       |       ||     1
       Bread ration      |       |       |     1 |     6 |     4 |       ||    11
       Fruit             |       |       |       |     1 |     1 |       ||     2
       Beef jerky        |       |       |       |       |     1 |       ||     1
       Pizza             |       |       |       |       |     2 |       ||     2
       Royal jelly       |       |       |       |       |     1 |       ||     1
Armor: Robe              |    13 |    68 |    29 |       |       |       ||   110
       Ring mail         |       |       |   321 |   687 |   656 |       ||  1664
       Chain mail        |       |       |       |       |   170 |    32 ||   202
Dodge: Dodged            |    51 |   197 |   455 |  1137 |  1790 |    34 ||  3664
Block: Other             |       |       |       |   286 |   499 |     6 ||   791
       Reflection        |       |       |       |     2 |     8 |       ||    10
